Map: Submarine LE

Players

Osiris

  • Race: Terran Terran
  • League: Master
  • Spawn Location: 11:00

WhiteNinja - Winner!

  • Race: Protoss Protoss
  • League: Master
  • Spawn Location: 5:00

VOD

Have the link to the VOD?

Description

Time

  • Played on: Aug. 30, 2020, 6:19 p.m.
  • Length: 11:01
Show
View Real Time Build Order
Export as new Build Order

Osiris Terran 

Build Orders: Reaper Expand 

Get SALT Encoding   

  12  0:00  SCV  
  13  0:12  SCV  
  14  0:17  Supply Depot  
  14  0:24  SCV  
  15  0:38  SCV  
  15  0:39  Barracks  
  15  0:42  Refinery  
  16  0:50  SCV  
  17  1:02  SCV  
  18  1:15  SCV  
  19  1:27  Orbital Command  
  19  1:28  Reaper  
  20  1:46  Command Center  
  20  1:55  SCV, Supply Depot  
  20  2:00  Marine  
  22  2:09  SCV  
  23  2:19  Barracks Reactor  
  23  2:23  Factory  
  23  2:27  SCV, Bunker  
  23  2:29  Refinery  
  24  2:46  SCV  
  25  2:56  Marine x2  
  25  2:57  Orbital Command  
  27  3:01  SCV  
  28  3:08  Starport  
  30  3:13  Hellion  
  30  3:14  Marine x2  
  30  3:16  SCV  
  33  3:26  SCV  
  34  3:29  SCV  
  34  3:32  Marine x2  
  37  3:35  Supply Depot  
  37  3:36  Factory Tech Lab  
  38  3:41  SCV  
  38  3:42  SCV  
  38  3:45  Medivac  
  38  3:47  Widow Mine  
  43  3:53  SCV  
  43  3:57  Marine x2  
  43  3:58  SCV  
  46  4:10  Widow Mine  
  46  4:11  SCV  
  46  4:12  SCV  
  46  4:16  Command Center  
  48  4:17  Marine x2  
  50  4:25  Starport Tech Lab  
  50  4:30  SCV  
  50  4:31  Barracks  
  51  4:36  SCV, Barracks  
  51  4:38  Factory Tech Lab  
  52  4:42  Refinery  
  52  4:43  Engineering Bay, SCV  
  52  4:45  Engineering Bay  
  53  4:48  Refinery  
  53  4:50  SCV  
  54  4:56  Supply Depot  
  54  5:04  SCV  
  54  5:09  SCV  
  54  5:10  Terran Infantry Weapons Level 1, Terran Infantry Armor Level 1  
  55  5:16  SCV  
  56  5:27  Stimpack, Marine x3  
  60  5:28  SCV  
  60  5:32  Orbital Command  
  60  5:33  SCV  
  61  5:38  Starport Reactor, Factory Reactor  
  61  5:40  SCV, Combat Shield  
  62  5:43  Marine  
  62  5:45  SCV  
  62  6:02  Marine x2, Missile Turret  
  62  6:03  Missile Turret, Marine x2  
  66  6:04  SCV  
  66  6:05  SCV  
  66  6:07  Orbital Command  
  68  6:16  SCV  
  68  6:23  Marine x4  
  68  6:24  Widow Mine  
  68  6:25  Widow Mine  
  77  6:31  SCV  
  77  6:37  SCV x2  
  79  6:41  Barracks  
  79  6:43  Barracks  
  79  6:44  SCV  
  78  6:47  Marine x2  
  78  6:48  Marauder x2  
  78  6:52  Widow Mine  
  83  6:55  Widow Mine  
  83  6:58  Supply Depot  
  83  7:00  SCV, Supply Depot  
  83  7:01  SCV  
  87  7:02  SCV  
  87  7:06  Marine x2  
  88  7:21  Marauder x2  
  88  7:22  Medivac x2, Widow Mine x2  
  100  7:23  SCV x2  
  100  7:26  Armory  
  100  7:29  SCV, Supply Depot x2  
  103  7:31  Marine x2  
  103  7:32  Barracks Reactor  
  103  7:34  Barracks Tech Lab  
  103  7:35  SCV x2, Barracks Tech Lab  
  107  7:41  SCV  
  108  7:47  SCV  
  108  7:50  SCV  
  108  7:51  Marauder x2  
  114  7:52  Supply Depot  
  114  7:53  SCV, Supply Depot  
  115  8:00  Marauder x2, Marine  
  115  8:01  Marine  
  121  8:16  Command Center  
  121  8:22  Terran Infantry Weapons Level 2  
  121  8:23  Terran Infantry Armor Level 2, Supply Depot  
  121  8:24  Starport, Terran Vehicle Weapons Level 1  
  121  8:25  SCV, Supply Depot  
  122  8:27  Ghost Academy  
  122  8:28  SCV  
  122  8:29  Marauder x2  
  122  8:30  Marauder  
  122  8:31  Marine x2  
  122  8:34  SCV  
  132  8:37  SCV  
  130  8:44  SCV  
  130  8:46  SCV  
  132  9:06  Marauder x2, Marine x2  
  132  9:07  Marauder x2  
  134  9:11  Viking x3  
  134  9:14  Supply Depot x2  
  138  9:20  Enhanced Shockwaves  
  138  9:24  Marine  
  138  9:27  Marine  
  138  9:28  Marauder x2  
  138  9:29  Marauder x2, Concussive Shells  
  148  9:42  Viking  
  148  9:43  Viking x2  
  154  9:49  Ghost x2, Refinery  
  154  9:51  Refinery  
  158  9:56  Ghost  
  158  9:58  Marine x3  
  163  10:02  Supply Depot  
  163  10:03  Supply Depot  
  163  10:06  Refinery  
  163  10:17  Barracks, Viking x2  
  163  10:19  Barracks, Viking  
  148  10:55  Refinery  
Show
View Real Time Build Order
Export as new Build Order

WhiteNinja Protoss - Winner!

Build Orders: 1 Gate Expand, Oracle Opening, Phoenix Opening 

Get SALT Encoding   

  12  0:00  Probe  
  13  0:12  Probe  
  14  0:19  Pylon  
  14  0:24  Probe  
  15  0:37  Gateway, Probe (Chrono Boost)  
  16  0:48  Probe (Chrono Boost)  
  17  0:50  Assimilator  
  17  0:53  Probe (Chrono Boost)  
  18  1:04  Probe  
  19  1:16  Probe  
  20  1:25  Nexus  
  20  1:28  Probe  
  21  1:41  Cybernetics Core  
  21  1:42  Probe  
  22  1:48  Pylon  
  22  1:56  Assimilator, Probe  
  23  2:15  Stalker (Chrono Boost)  
  23  2:19  Warp Gate  
  25  2:25  Probe  
  24  2:44  Stalker (Chrono Boost)  
  25  2:48  Probe x2  
  25  2:49  Stargate  
  29  3:00  Probe x2  
  31  3:08  Stalker  
  31  3:11  Gateway  
  31  3:12  Probe x2  
  35  3:19  Pylon  
  35  3:26  Probe x2  
  37  3:29  Assimilator, Oracle (Chrono Boost)  
  40  3:38  Probe x2  
  42  3:45  Assimilator  
  42  3:50  Probe x2  
  44  3:56  Phoenix (Chrono Boost)  
  47  4:02  Probe  
  47  4:03  Pylon, Probe  
  49  4:17  Probe  
  49  4:19  Probe  
  50  4:25  Nexus  
  50  4:30  Robotics Facility  
  50  4:31  Phoenix  
  50  4:33  Probe  
  50  4:35  Probe  
  54  4:45  Probe  
  54  4:47  Probe  
  56  4:55  Pylon  
  56  4:57  Phoenix  
  56  4:58  Probe  
  56  4:59  Probe  
  60  5:11  Pylon  
  60  5:13  Twilight Council  
  60  5:17  Probe x2  
  62  5:22  Observer (Chrono Boost)  
  62  5:26  Robotics Bay  
  63  5:30  Probe x2 (Chrono Boost)  
  63  5:35  Observer (Chrono Boost)  
  65  5:36  Shield Battery  
  65  5:37  Pylon  
  65  5:38  Phoenix  
  65  5:40  Probe x2 (Chrono Boost)  
  65  5:42  Probe (Chrono Boost)  
  71  5:45  Probe x2 (Chrono Boost)  
  73  5:51  Probe  
  74  6:01  Gateway, Charge  
  74  6:06  Probe x3  
  74  6:08  Forge  
  74  6:10  Forge, Colossus (Chrono Boost)  
  77  6:12  Gateway, Shield Battery  
  77  6:16  Extended Thermal Lance (Chrono Boost)  
  83  6:31  Probe x2  
  85  6:33  Assimilator  
  85  6:37  Assimilator  
  85  6:41  Pylon  
  85  6:48  Protoss Ground Weapons Level 1 (Chrono Boost)  
  85  6:49  Protoss Ground Armor Level 1 (Chrono Boost)  
  85  6:54  Probe x2  
  87  6:55  Colossus (Chrono Boost)  
  93  7:01  Zealot x3  
  99  7:21  Observer  
  100  7:22  Probe  
  100  7:23  Probe x2  
  102  7:31  Photon Cannon  
  102  7:32  Pylon x2  
  102  7:35  Gateway, Probe, Photon Cannon  
  102  7:36  Gateway  
  103  7:37  Phoenix  
  103  7:39  Photon Cannon  
  105  7:48  Pylon  
  105  7:49  Pylon  
  105  7:50  Blink (Chrono Boost), Colossus  
  111  7:55  Sentry x3  
  111  7:57  Zealot  
  119  8:06  Phoenix  
  121  8:20  Stalker x2  
  121  8:21  Stalker x2  
  121  8:22  Nexus  
  121  8:24  Assimilator  
  121  8:26  Assimilator  
  129  8:27  Gateway  
  129  8:28  Pylon  
  129  8:31  Pylon, Protoss Air Weapons Level 1  
  127  8:45  Phoenix  
  129  8:52  Observer (Chrono Boost)  
  129  8:55  Zealot x3  
  130  8:56  Zealot x3  
  130  8:57  Robotics Facility  
  134  9:18  Probe x2  
  134  9:19  Probe  
  137  9:24  Photon Cannon  
  137  9:26  Photon Cannon  
  137  9:28  Templar Archives, Photon Cannon, Colossus (Chrono Boost)  
  137  9:29  Shield Battery  
  143  9:31  Shield Battery  
  143  9:35  Probe x2  
  145  9:41  Phoenix  
  147  9:52  Probe x4  
  151  10:03  Warp Prism (Chrono Boost)  
  151  10:04  Probe  
  151  10:13  Stalker  
  151  10:14  Stalker x5  
  157  10:15  Stalker  
  165  10:28  Pylon  
  165  10:32  Pylon  
  161  10:43  Zealot x4  
  161  10:44  Zealot  
  177  10:52  Dark Shrine  
Tags
 
Add a new tag
Caveats
  • Supply blocks, unpowered buildings, or Contaminate may cause inaccurate times.
  • Supply counts are checked every 10 seconds.